 Dungeon Crawl Stone Soup version 0.24-a0-699-g5a66b1aa3b (webtiles) character file.

Game seed: 9348110856254489700, levelgen mode: deterministic

3 Mame the Digger (level 1, 0/10 HPs)
             Began as a Gargoyle Earth Elementalist on Sept 29, 2019.
             Killed from afar by a dart slug (2 damage)
             ... with a slug dart
             ... on level 1 of the Dungeon.
             The game lasted 00:00:49 (323 turns).

Mame the Digger (Gargoyle Earth Elementalist)        Turns: 323, Time: 00:00:50

Health: 0/10       AC:  4    Str: 11    XL:     1   Next: 50%
Magic:  2/3        EV: 12    Int: 15    God:
Gold:   6          SH:  0    Dex: 10    Spells: 3/4 levels left

rFire    . . .     SeeInvis .   (no weapon)
rCold    . . .     Gourm    .   (no shield)
rNeg     + . .     Faith    .   c - +0 robe
rPois    ∞         Spirit   .   (no helmet)
rElec    +         Reflect  .   (no cloak)
rCorr    .         Harm     .   (no gloves)
MR       .....                  (no boots)
Stlth    ++........             (no amulet)
HPRegen  0.03/turn              (no ring)
MPRegen  0.08/turn              (no ring)

@: no status effects
A: negative energy resistance 1, electricity resistance, unbreathing,
petrification resistance, rot immunity, AC +2
a: no special abilities


You were on level 1 of the Dungeon.
You were not hungry.

You visited 1 branch of the dungeon, and saw 1 of its levels.

You collected 6 gold pieces.

Inventory:

Missiles
 b - 50 stones (quivered)
Armour
 c - a +0 robe (worn)
Scrolls
 a - a scroll of amnesia {unknown}
 e - a scroll of noise {unknown}
 g - a scroll of remove curse {unknown}
Potions
 f - a potion of curing {unknown}
Comestibles
 d - a ration
 h - 3 chunks of flesh


   Skills:
 - Level 1.5 Dodging
 - Level 2.1 Stealth
 + Level 2.0 Spellcasting
   Level 0.7 Transmutations
 + Level 3.8 Earth Magic


You had 3 spell levels left.
You knew the following spells:

 Your Spells              Type           Power        Failure   Level  Hunger
a - Sandblast             Erth           ##....       4%          1    #......

Your spell library contained the following spells:

 Spells                   Type           Power        Failure   Level  Hunger
 Passwall                 Tmut/Erth      #.......     13%         2    ###....
 Stone Arrow              Conj/Erth      #.....       30%         3    ###....
 Petrify                  Tmut/Erth      #.......     65%         4    #####..
 Lee's Rapid Deconstruct  Erth           ##........   77%         5    ######.


Dungeon Overview and Level Annotations

Branches:
Dungeon (1/15)

Altars:


Innate Abilities, Weirdness & Mutations

You are resistant to torment.
Your stone body is resilient. (AC +2)
You are immune to poison.
You resist negative energy. (rN+)
You are resistant to electric shocks. (rElec)
You can survive without breathing.
You are immune to petrification.
You are immune to rotting.


Message History

You can't see any susceptible monsters within range! (Use Z to cast anyway.) Unknown command.
The dart slug launches a dart at you. The slug dart hits you.
* * * LOW HITPOINT WARNING * * *
Casting: Sandblast (safe; 4% risk of failure)
Confirm with . or Enter, or press ? or * to list all spells.
You can't see any susceptible monsters within range! (Use Z to cast anyway.) Unknown command.
Casting: Sandblast (safe; 4% risk of failure)
Confirm with . or Enter, or press ? or * to list all spells.
Aiming: Sandblast (safe; 4% risk of failure)
Press: ? - help, Shift-Dir - straight line, f - dart slug
Aim: a dart slug (clinging)
The blast of sand hits the dart slug!
The dart slug is almost dead.
b - 50 stones The dart slug launches a dart at you.
The slug dart hits you.
You die...

.. ## #.###.
#..... #...
##### #...
###..@##... ..
#...
##......w..# ..
#...
##......###...#
##.#...
###....#### .#
##......
####....###
..........
##......##
..........
#......##
.......##
#....### ......
#.#### ###
8#8..# #


You could see a dart slug.

Vanquished Creatures
  A bat (D:1)
  A hobgoblin (D:1)
  A kobold (D:1)
3 creatures vanquished.

Notes
Turn   | Place    | Note
-------+----------+-------------------------------------------
     0 | D:1      | Mame the Gargoyle Earth Elementalist began the quest for
                  | the Orb.
     0 | D:1      | Reached XP level 1. HP: 10/10 MP: 3/3
   323 | D:1      | Killed from afar by a dart slug

Levels and vault maps discovered:
D:1:      minmay_arrival_statue_studded, layout_rooms, serial_curves,
          eino_curves_02, eino_curves_03, eino_curves_02, eino_curves_02,
          minmay_door_square

Action                   || total
-------------------------++-------
Melee: Unarmed           ||     6
 Cast: Sandblast         ||     5
Armor: Robe              ||     2
Dodge: Dodged            ||     1

Table legend:
 A = Non-vault XP
 B = Vault XP
 C = Vault XP percentage of total XP
 D = Non-vault monster count
 E = Vault monster count
 F = Vault count percentage of total count
                 A         B        C        D         E       F
            +---------+---------+-------+---------+---------+-------
      Total |       5 |       0 |   0.0 |       3 |       0 |   0.0
            +---------+---------+-------+---------+---------+-------
        D:1 |       5 |       0 |   0.0 |       3 |       0 |   0.0
            +---------+---------+-------+---------+---------+-------
